 Dungeon Crawl Stone Soup version 0.21-a0-538-gd16b88a (webtiles) character file.

96 slep the Chopper (level 4, -4/24 HPs)
             Began as a Vine Stalker Fighter on Dec 17, 2017.
             Killed from afar by a white imp (9 damage)
             ... with a puff of frost
             ... summoned by Natasha
             ... on level 2 of the Dungeon.
             The game lasted 00:03:56 (725 turns).

slep the Chopper (Vine Stalker Fighter)              Turns: 725, Time: 00:03:58

Health: -4/24      AC:  6    Str: 19    XL:     4   Next: 67%
Magic:  0/5        EV:  9    Int:  8    God:
Gold:   93         SH:  0    Dex: 14    Spells: 3/3 levels left

rFire    . . .     SeeInvis .   a - +0 war axe
rCold    . . .     Gourm    +   (no shield)
rNeg     . . .     Faith    .   b - +0 scale mail
rPois    .         Spirit   +   (no helmet)
rElec    .         Reflect  .   (no cloak)
rCorr    .         Harm     .   (no gloves)
MR       .....                  (no boots)
Stlth    ..........             j - amulet of the gourmand
HPRegen  0.48/turn              (no ring)
MPRegen  0.09/turn              (no ring)

@: no status effects
A: fangs 2, regeneration 1, magic shield, antimagic bite, no potion heal 3, rot
immunity
a: no special abilities


You were on level 2 of the Dungeon.
You were not hungry.

You visited 1 branch of the dungeon, and saw 2 of its levels.

You collected 93 gold pieces.

Inventory:

Hand Weapons
 a - a +0 war axe (weapon)
Armour
 b - a +0 scale mail (worn)
Jewellery
 j - an amulet of the gourmand (around neck)
Scrolls
 c - a scroll of amnesia {unknown}
 e - a scroll of identify {unknown}
 h - 2 scrolls of teleportation {unknown}
Potions
 d - a potion of might
 g - 2 potions of brilliance {unknown}
 i - a potion of curing {unknown}
Comestibles
 f - a bread ration


   Skills:
 + Level 3.2 Fighting
 + Level 3.3 Axes
 + Level 2.9 Armour
 + Level 0.2 Dodging
   Level 2.6 Shields


You had 3 spell levels left.
You didn't know any spells.

Dungeon Overview and Level Annotations

Branches:
Dungeon (2/15)

Altars:

Annotations:
D:2 Natasha


Innate Abilities, Weirdness & Mutations

You have extremely sharp teeth.
Your natural rate of healing is unusually fast.
When hurt, damage is shared between your health and your magic reserves.
Your bite disrupts and absorbs the magic of your enemies.
Potions cannot restore your health.
You are immune to rotting.


Message History

* * * LOW HITPOINT WARNING * * *
You completely miss Natasha. Your bite misses Natasha.
You closely miss the white imp. Natasha claws you but does no damage.
The white imp hits you but does no damage.
You slash Natasha! You bite Natasha.
Natasha's magic leaks into the air.
You drain her magic.
You feel invigorated.
Natasha is almost dead.
You hit the white imp. Natasha claws you but does no damage.
The white imp hits you.
* * * LOW HITPOINT WARNING * * *
The white imp freezes you.
* * * LOW HITPOINT WARNING * * *
You closely miss Natasha.
Natasha is almost dead.
You closely miss the white imp. Natasha claws you but does no damage.
The white imp hits you but does no damage.
Natasha claws you but does no damage. The white imp gestures at you.
The puff of frost hits you!
You die...

#..#.# #........#
#####..#.#
#...#.##.###.
.......#.#
#............
######.#.#
#.#.#.####### #<#.#
###.#..<...# #.#.#
#..###....#.# #.#.#
#.# #.#.....#
#.#.#####.##5###.#..#
#.#......#h@.....#..#
#.#..####(##.#####..#
#.####..รท.# #.# .#
..# .........## #.#
.# #.######## #.# .#
#.# .. ..# ## ###


You could see Natasha and a white imp.

Vanquished Creatures
  Natasha (D:2)
  2 adders (D:2)
  3 dart slugs
  3 bats (D:1)
  3 giant cockroaches (D:1)
  3 goblins
  4 hobgoblins (D:1)
  10 jackals
  3 quokkas (D:2)
  2 ball pythons (D:1)
  A frilled lizard (D:1)
  4 kobolds
  4 rats
43 creatures vanquished.

Notes
Turn   | Place    | Note
-------+----------+-------------------------------------------
     0 | D:1      | slep the Vine Stalker Fighter began the quest for the Orb.
     0 | D:1      | Reached XP level 1. HP: 11/11 MP: 2/2
   105 | D:1      | Reached XP level 2. HP: 14/16 MP: 3/3
   269 | D:1      | Reached XP level 3. HP: 13/20 MP: 4/4
   670 | D:2      | Gained mutation: Your natural rate of healing is unusually fast. [Vine Stalker growth]
   670 | D:2      | Reached XP level 4. HP: 18/24 MP: 5/5
   673 | D:2      | Noticed Natasha
   678 | D:2      | Killed Natasha
   713 | D:2      | Noticed Natasha
   725 | D:2      | Killed from afar by a white imp

Vault maps used:
D:1:      onia_arrival_larder
D:2:      okawaru_trees_1, kiku_gazebo_garden_becter, trog_hazing_becter,
          uniq_natasha

Skill      XL: |  1  2  3  4 |
---------------+-------------+-----
Fighting       | 3 |  3.2
Axes           | 2 3 |  3.3
Armour         | |  2.9
Dodging        | |  0.2
Shields        | |  2.6

Action                   |  1- 3 |  4- 6 || total
-------------------------+-------+-------++-------
Melee: War axe           |    88 |    23 ||   111
       Bite              |    20 |     5 ||    25
  Eat: Chunk             |       |    10 ||    10
Armor: Scale mail        |    58 |    20 ||    78
Dodge: Dodged            |    65 |    21 ||    86

Table legend:
 A = Spawn XP
 B = Non-spawn XP
 C = Spawn XP percentage of total XP
 D = Spawn monster count
 E = Non-spawn monster count
 F = Spawn count percentage of total count
 G = Total turns spent on level
                    A         B        C        D         E        F      G
               +---------+---------+-------+---------+---------+-------+---------
         Total |       0 |     138 |   0.0 |       0 |      43 |   0.0 |   725
               +---------+---------+-------+---------+---------+-------+---------
           D:1 |       0 |      48 |   0.0 |       0 |      26 |   0.0 |   507
           D:2 |       0 |      90 |   0.0 |       0 |      17 |   0.0 |   218
               +---------+---------+-------+---------+---------+-------+---------
